 Dungeon Crawl Stone Soup version 0.30.1-11-g7821555f0a (webtiles) character file.

Game seed: 13719274201830557257

56 KittyFluff the Cudgeller (level 3, -4/24 (34) HPs)
             Began as a Gargoyle Berserker on Nov 4, 2023.
             Was a Believer of Trog.
             Slain by a goblin
             ... wielding a +0 club
             ... led by Robin
              (6 damage)
             ... on level 4 of the Dungeon.
             The game lasted 00:05:17 (1073 turns).

KittyFluff the Cudgeller (Gargoyle Berserker)       Turns: 1073, Time: 00:05:18

HP:   -4/24 (34)    AC:  5    Str: 22    XL:     3   Next: 97%
MP:   3/3           EV: 11    Int:  7    God:    Trog [**....]
Gold: 49            SH:  4    Dex:  9    Spells: 2/2 levels left

rFire   . . .        a - +0 mace
rCold   . . .        (no shield)
rNeg    + . .        e - +0 leather armour
rPois   ∞            (no helmet)
rElec   +            j - scarf {+Inv}
rCorr   .            (no gloves)
SInv    .            (no boots)
Will    .....        (no amulet) Stlth
                     (no ring)
HPRegen 0.24/turn    (no ring)
MPRegen 0.08/turn

%: no passive effects
@: berserking, very heavily drained, very quick
A: sickness immunity, AC +3, negative energy resistance 1, electricity
resistance, torment resistance 1, petrification resistance, large bone plates 1,
deformed body
a: Renounce Religion, Evoke Invisibility, Berserk, Trog's Hand


You were on level 4 of the Dungeon.
You worshipped Trog.
Trog was pleased with you.
You visited 1 branch of the dungeon, and saw 3 of its levels.

You collected 49 gold pieces.

Inventory:

Hand Weapons
 a - a +0 mace (weapon)
Missiles
 i - 2 poisoned darts (quivered)
Armour
 e - a +0 leather armour (worn)
 h - a +0 cloak
 j - a scarf of invisibility (worn)
Scrolls
 b - a scroll of magic mapping
 g - 2 scrolls of identify
Potions
 c - a potion of mutation


   Skills:
 + Level 3.6 Fighting
 * Level 3.7 Maces & Flails
 * Level 3.1 Armour
 + Level 2.0 Dodging


You had 2 spell levels left.
You didn't know any spells.
Your spell library was empty.

Dungeon Overview and Level Annotations

Branches:
Dungeon (2/15)

Altars:

Annotations:
D:4 Robin


Innate Abilities, Weirdness & Mutations

You are immune to sickness and miasma.
Your stone body is resilient. (AC +3)
You are immune to poison.
You resist negative energy. (rN+)
You are resistant to electric shocks. (rElec)
You are resistant to unholy torment.
You are immune to petrification.
You are partially covered in large bone plates. (SH +4)
Armour fits poorly on your strangely shaped body.


Message History

You hit the adder.
The adder is heavily wounded.
The adder bites you.
* * * LOW HITPOINT WARNING * * *
The goblin closely misses you. The adder closely misses you.
A red film seems to cover your vision as you go berserk!
You feel yourself moving faster!
You feel mighty! You block the goblin's attack.
The adder bites you but does no damage.
You thump the adder!
You kill the adder!
Trog accepts your kill. The goblin hits you but does no damage.
Your Dodging skill increases to level 2!
You hit the goblin.
You kill the goblin!
Trog accepts your kill. The goblin hits you with a +0 club.
* * * LOW HITPOINT WARNING * * *
Robin throws the goblin at you! The goblin hits you but does no damage.
You sock the goblin!
You kill the goblin!
Trog accepts your kill. The goblin hits you but does no damage.
The goblin hits you with a +0 dagger.
* * * LOW HITPOINT WARNING * * *
Robin throws the goblin at you! The goblin hits you but does no damage.
You sock the goblin!
You kill the goblin!
Trog accepts your kill. The goblin hits you with a +0 club.
* * * LOW HITPOINT WARNING * * *
The goblin barely misses you.
The goblin unwields a +0 sling.
The goblin wields a +0 dagger.
The goblin closely misses you.
Items here: ))) ? †.
You barely miss the goblin. The goblin closely misses you.
You sock the goblin!
You kill the goblin!
Trog accepts your kill. The goblin hits you with a +0 club.
You die...

#S.# ##.## #..# ####..#
#....## .##....###
..........## #####..
.#.........#######......#
###......#..gg)@gg#
#..........######
#......##### #.#..###
###..# #.. #.#


You could see Robin, a hobgoblin and 2 goblins.

Vanquished Creatures
  2 adders
  3 ball pythons (D:1)
  An endoplasm (D:1)
  A giant cockroach (D:1)
  8 hobgoblins
  4 jackals (D:1)
  3 kobolds (D:1)
  A quokka (D:1)
  2 frilled lizards (D:1)
  6 goblins
  6 rats
37 creatures vanquished.

Vanquished Creatures (others)
  A goblin (D:4)
1 creature vanquished.

Grand Total: 38 creatures vanquished

Notes
Turn   | Place    | Note
-------+----------+-------------------------------------------
     0 | D:1      | KittyFluff the Gargoyle Berserker began the quest for the
                  | Orb.
     0 | D:1      | Reached XP level 1. HP: 14/14 MP: 1/1
   190 | D:1      | Reached XP level 2. HP: 19/19 MP: 2/2
   706 | D:1      | Reached XP level 3. HP: 22/23 MP: 3/3
   763 | D:1      | Reached ** piety under Trog
   968 | D:2      | You fall into a shaft and drop 2 floors!
  1005 | D:4      | Noticed Robin
  1025 | D:4      | Gained mutation: Armour fits poorly on your strangely
                  | shaped body. [potion of mutation]
  1025 | D:4      | Gained mutation: You are partially covered in large bone
                  | plates. (SH +4) [potion of mutation]
  1073 | D:4      | Slain by a goblin

Illustrated notes

Levels and vault maps discovered:
D:1:      lightli_arrival_lavapool, layout_loops_corners, serial_bayou_pond_c
D:2:      layout_loops_ring, shapermc_ecumenical_altar_starsandcircs,
          kennysheep_path_1, eino_tiny_chamber, guppyfry_early_lair_pool
D:4:      layout_cave_pods, vehumet_crystals, uniq_pikel, uniq_robin

Skill      XL: |  1  2  3 |
---------------+----------+-----
Armour         | 3 |  3.1
Dodging        | 2 |  2.0
Fighting       | |  3.6
Maces & Flails | |  3.7

Action                     || total
---------------------------++-------
  Melee: Mace              ||    95
 Invoke: Berserk           ||     1
Ability: Evoke Invisibilit ||     1
    Use: Potion            ||     3
         Scroll            ||     1
 Armour: Animal skin       ||    11
         Leather armour    ||    30
  Dodge: Dodged            ||    77
  Block: Other             ||     3
